 Dungeon Crawl Stone Soup version 0.32-a0-42-ga30500b4d3 (webtiles) character file.

Game seed: 9586406599070314082

21 Ambrosia the Trooper (level 2, -8/24 HPs)
             Began as a Demonspawn Fighter on Feb 2, 2024.
             Killed by an exploding hobgoblin (32 damage)
             ... ignited by their inner flame
             ... on level 1 of the Dungeon.
             The game lasted 00:00:47 (458 turns).

Ambrosia the Trooper (Demonspawn Fighter)            Turns: 458, Time: 00:00:48

Health: -8/24      AC:  6    Str: 16    XL:     2   Next: 65%
Magic:  2/2        EV:  8    Int:  8    God:
Gold:   21         SH:  4    Dex: 12    Spells: 1/1 levels left

rFire   . . .        a - +0 trident
rCold   . . .        c - +0 buckler
rNeg    . . .        b - +0 scale mail
rPois   .            (no helmet)
rElec   .            (no cloak)
rCorr   .            (no gloves)
SInv    .            (no boots)
Will    .....        (no amulet) Stlth
                     (no ring)
HPRegen 0.24/turn    (no ring)
MPRegen 0.08/turn

%: no passive effects
@: no status effects
A: foul stench 1
a: no special abilities


You were on level 1 of the Dungeon.
You visited 1 branch of the dungeon, and saw 1 of its levels.

You collected 21 gold pieces.

Inventory:

Hand Weapons
 a - a +0 trident (weapon)
Armour
 b - a +0 scale mail (worn)
 c - a +0 buckler (worn)
Potions
 d - a potion of might
 e - a potion of curing {@q1, !d}
 g - a potion of haste


   Skills:
 + Level 3.2 Fighting
 + Level 2.0 Polearms
 + Level 2.9 Armour
 * Level 3.1 Shields


You had one spell level left.
You didn't know any spells.
Your spell library was empty.

Dungeon Overview and Level Annotations

Branches:
Dungeon (1/15) Zot: 5523

Altars:


Innate Abilities, Weirdness & Mutations

You may rarely emit foul miasma when damaged in melee.


Message History

The quokka bites you.
You take 2 damage, and have 20/24 hp.
You closely miss the quokka. The bat hits you but does no damage.
The quokka bites you but does no damage.
You barely miss the quokka. The bat hits you but does no damage. x2
The quokka bites you but does no damage.
The bat hits you but does no damage.
The quokka bites you but does no damage.
You puncture the quokka!
You kill the quokka!
The bat closely misses you.
You barely miss the bat. The bat closely misses you.
You block the bat's attack.
You miss the bat. The bat hits you but does no damage.
The bat barely misses you.
You completely miss the bat. The bat hits you but does no damage.
You block the bat's attack.
You reach to attack!
You miss the bat. The bat barely misses you. You block the bat's attack.
You reach to attack!
You closely miss the bat. The bat hits you but does no damage.
The bat hits you.
You take 1 damage, and have 22/24 hp.
You hit the bat but do no damage. The bat hits you.
You emit a cloud of foul miasma!
The bat is engulfed in dark miasma.
The bat is poisoned.
You take 1 damage, and have 21/24 hp.
You reach to attack!
You miss the bat.
You reach to attack!
You barely miss the bat.
You reach to attack!
You barely miss the bat.
You kill the bat!
No target in view!
No target in view!
You now have 14 gold pieces.
A bat comes into view.
Health restored: 24 The bat hits you but does no damage.
A bat is nearby!
You puncture the bat!
You kill the bat!
No target in view!
You open the door.
There is an open door here.
A hobgoblin comes into view.
The hobgoblin shouts!
A hobgoblin is nearby!
You closely miss the hobgoblin. The hobgoblin closely misses you.
The hobgoblin hits you but does no damage.
Reach: a) +0 trident
Press: ? - help, Dir - move target, f - hobgoblin
Aim: a hobgoblin (about 43% to evade your +0 trident)
You barely miss the hobgoblin. The hobgoblin closely misses you.
Reach: a) +0 trident
Press: ? - help, Dir - move target, f/p - hobgoblin
Aim: a hobgoblin (about 43% to evade your +0 trident)
You closely miss the hobgoblin. You block the hobgoblin's attack.
Reach: a) +0 trident
Press: ? - help, Dir - move target, f/p - hobgoblin
Aim: a hobgoblin (about 43% to evade your +0 trident)
You barely miss the hobgoblin. The hobgoblin closely misses you.
Reach: a) +0 trident
Press: ? - help, Dir - move target, f/p - hobgoblin
Aim: a hobgoblin (about 43% to evade your +0 trident)
You hit the hobgoblin.
You kill the hobgoblin!
No target in view!
No target in view!
No target in view!
You open the door. You open the door.
There is an open door here.
There is an open door here.
You open the door.
There is an open door here.
You open the door.
There is an open door here.
You open the door.
There is an open door here.
f - a scroll labelled ZOURPH VUXUNIL No target in view!
No target in view!
You now have 21 gold pieces (gained 7).
You open the door.
There is an open door here.
You open the door. As you open the door, it creaks loudly!
No target in view!
There is an open door here.
You open the door.
A hobgoblin comes into view.
The hobgoblin shouts!
You hear a loud squeak.
As you read the scroll labelled ZOURPH VUXUNIL, it crumbles to dust.
The creatures around you are filled with an inner flame!
It was a scroll of immolation.
You hit the hobgoblin.
Flame seeps out of the hobgoblin.
A goblin comes into view. It is wielding a +0 dagger.
The hobgoblin is engulfed in blazing flames.
The hobgoblin explodes!
The fiery explosion engulfs you!!
Ouch! That really hurt!
You die...

#.#.########
#.#.........
#.##########
#####.#P≈≈≈≈PPP~
#.###.....#~≈≈≈~~P~P
#...'.....#≈≈≈≈~≈≈~≈
#########.....#≈≈~≈≈~≈≈≈
.....§####'##.#~.~~~~≈≈≈
.....§○@......#P..~..~≈≈
.....§##......#.#P.~#.≈.
..... #......#<######.P
g... #......##########
... #................ ..
######.########## . #.#
#.# #.#


You could see a goblin (wandering).

Vanquished Creatures
  2 giant cockroaches (D:1)
  4 goblins (D:1)
  4 hobgoblins (D:1)
  2 jackals (D:1)
  A quokka (D:1)
  2 bats (D:1)
  5 frilled lizards (D:1)
  A rat (D:1)
21 creatures vanquished.

Notes
Turn   | Place    | Note
-------+----------+-------------------------------------------
     0 | D:1      | Ambrosia the Demonspawn Fighter began the quest for the
                  | Orb.
     0 | D:1      | Reached XP level 1. HP: 18/18 MP: 1/1
   143 | D:1      | Gained mutation: You may rarely emit foul miasma when
                  | damaged in melee. [demonic ancestry]
   143 | D:1      | Reached XP level 2. HP: 24/24 MP: 2/2
   252 | D:1      | Reached skill level 2 in Polearms
   253 | D:1      | Reached skill level 3 in Shields
   458 | D:1      | Killed by an exploding hobgoblin... ignited by their inner
                  | flame

Illustrated notes

Levels and vault maps discovered:
D:1:      lightli_arrival_windingriver, layout_basic, hangedman_glass_garden

Skill      XL: |  1  2 |
---------------+-------+-----
Polearms       | 2 |  2.0
Shields        | 3 |  3.1
Fighting       | |  3.2
Armour         | |  2.9

Action                     || total
---------------------------++-------
  Melee: Trident           ||    62
    Use: Scroll            ||     3
         Potion            ||     1
 Armour: Scale mail        ||    48
  Dodge: Dodged            ||    20
  Block: Buckler           ||    12

Table legend: (Time is in decaauts)
 A = Elapsed time spent in this place.
 B = Non-inter-level travel time spent in this place.
 C = Inter-level travel time spent in this place.
 D = Time resting spent in this place.
 E = Time spent auto-exploring this place.
 F = Levels seen in this place.
 G = Mean time per level.
                   A        B        C        D        E       F      G
               +--------+--------+--------+--------+--------+-----+--------+
         Total |    474 |    474 |      0 |    100 |    259 |   1 |  474.0 |
       Dungeon |    474 |    474 |      0 |    100 |    259 |   1 |  474.0 |
               +--------+--------+--------+--------+--------+-----+--------+

Top non-repeatable levels by time:
     D:1: 474 daAuts

Levels and vault maps discovered:
D:1:      lightli_arrival_windingriver, layout_basic, hangedman_glass_garden

Table legend: (Time is in decaauts)
 A = Elapsed time spent in this place.
 B = Non-inter-level travel time spent in this place.
 C = Inter-level travel time spent in this place.
 D = Time resting spent in this place.
 E = Time spent auto-exploring this place.
 F = Levels seen in this place.
 G = Mean time per level.
                   A        B        C        D        E       F      G
               +--------+--------+--------+--------+--------+-----+--------+
         Total |    474 |    474 |      0 |    100 |    259 |   1 |  474.0 |
       Dungeon |    474 |    474 |      0 |    100 |    259 |   1 |  474.0 |
               +--------+--------+--------+--------+--------+-----+--------+

Top non-repeatable levels by time:
     D:1: 474 daAuts

Table legend:
 A = Kills in this place as a percentage of kills in the entire game.
 B = Kills by you in this place as a percentage of kills by you in the entire game.
 C = Kills by friends in this place as a percentage of kills by friends in the entire game.
 D = Other kills in this place as a percentage of other kills in the entire game.
 E = Experience gained in this place as a percentage of experience gained in the entire game.
 F = Experience gained in this place divided by the number of levels of this place that you have seen.
                   A       B       C       D       E      F
               +-------+-------+-------+-------+-------+----------------------
         Total | 100.0 | 100.0 |   N/A |   N/A | 100.0 |  33.0
       Dungeon | 100.0 | 100.0 |   N/A |   N/A | 100.0 |  33.0
               +-------+-------+-------+-------+-------+----------------------
